 Dungeon Crawl Stone Soup version 0.22.1-1-ga44c0e5 (webtiles) character file.

6917 Zebedee the Grappler (level 10, -7/94 HPs)
             Began as a Troll Monk on Oct 20, 2018.
             Mangled by a seven-headed hydra (11 damage)
             ... on level 1 of the Lair of Beasts.
             The game lasted 00:31:43 (7554 turns).

Zebedee the Grappler (Troll Monk)                   Turns: 7554, Time: 00:31:44

Health: -7/94      AC: 12    Str: 23    XL:     10   Next: 79%
Magic:  6/13       EV: 10    Int:  7    God:
Gold:   496        SH:  0    Dex: 12    Spells: 9/15 levels left

rFire    . . .     SeeInvis .     - Unarmed
rCold    . . .     Gourm    +   (no shield)
rNeg     . . .     Faith    .   z - +2 troll leather armour
rPois    +         Spirit   .   (helmet restricted)
rElec    .         Reflect  .   C - +2 cloak
rCorr    .         Harm     .   (gloves unavailable)
MR       .....                  (boots unavailable)
Stlth    +.........             (no amulet)
HPRegen  1.05/turn              (no ring)
MPRegen  0.13/turn              (no ring)

@: confusing touch, studying 2 skills
A: large, unfitting armour, claws 3, fast metabolism 3, gourmand, poison
resistance, regeneration 1, shaggy fur 1, tough skin 2
a: no special abilities


You were on level 1 of the Lair of Beasts.
You were very full.

You visited 3 branches of the dungeon, and saw 10 of its levels.
You also visited: Bailey.

You collected 676 gold pieces.
You spent 180 gold pieces at shops.

Inventory:

Hand Weapons
 e - a +0 halberd
 w - a +2 flail of protection
 A - a +0 whip of flaming
Missiles
 g - 324 stones (quivered)
 s - 7 javelins of returning
Armour
 y - a +0 robe of magic resistance
 z - a +2 troll leather armour (worn)
 C - a +2 cloak (worn)
Wands
 n - a wand of flame (60)
 B - a wand of polymorph (14)
Scrolls
 d - 2 scrolls of teleportation
 i - 3 scrolls of remove curse
 j - a scroll of fear
 l - 2 scrolls of enchant weapon {unknown}
 o - 2 scrolls of identify
 u - a scroll of immolation {unknown}
 v - 3 scrolls of fog {unknown}
 E - 3 scrolls of amnesia {unknown}
 F - a scroll of random uselessness {unknown}
Potions
 c - 5 potions of curing
 f - 4 potions of berserk rage
 h - 2 potions of heal wounds {unknown}
 k - a potion of agility
 p - 4 potions of lignification
 x - 2 potions of flight
Books
 r - a manual of
Armour
 t - a manual of Fighting
Comestibles
 a - 6 chunks of flesh
 b - 19 rations


   Skills:
 - Level 4.8 Fighting
 - Level 0.3 Throwing
 - Level 4.3 Armour
 - Level 2.4 Dodging
 - Level 1.0 Stealth
 - Level 11.0 Unarmed Combat
 - Level 3.1 Spellcasting
 - Level 5.4 Hexes
 * Level 3.1 Translocations


You had 9 spell levels left.
You knew the following spells:

 Your Spells              Type           Power        Failure   Level  Hunger
a - Confusing Touch       Hex            #.....       4%          1    ##.....
b - Confuse               Hex            #.......     13%         3    ####...
c - Blink                 Tloc           N/A          16%         2    ###....

Your spell library contained the following spells:

 Spells                   Type           Power        Failure   Level  Hunger
 Corona                   Hex            #......      4%          1    ##.....
 Slow                     Hex            #.......     6%          2    ###....
 Apportation              Tloc           #.....       11%         1    ##.....
 Tukima's Dance           Hex            #.......     13%         3    ####...
 Ensorcelled Hibernation  Hex/Ice        #.....       21%         2    ###....
 Animate Skeleton         Necr           N/A          36%         1    ##.....
 Magic Dart               Conj           #...         36%         1    ##.....
 Summon Small Mammal      Summ           #...         36%         1    ##.....
 Dazzling Spray           Conj/Hex       #.....       36%         3    ####...
 Call Imp                 Summ           #.......     52%         2    ###....
 Conjure Flame            Conj/Fire      #.......     75%         3    ####...
 Mephitic Cloud           Conj/Pois/Air  #.......     75%         3    ####...


Dungeon Overview and Level Annotations

Branches:
Dungeon (8/15)             Temple (1/1) D:4            Lair (1/6) D:8

Altars:
Ashenzari
Cheibriados
Elyvilon
Fedhas
Hepliaklqana
Kikubaaqudgha
Makhleb
Nemelex Xobeh
Okawaru
Qazlal
Ru
Sif Muna
Trog
Uskayaw
Vehumet
Wu Jian
Xom
Zin
The Shining One

Shops:
D:5 [

Annotations:
D:4 exclusion: downstairs


Innate Abilities, Weirdness & Mutations

You are too large for most types of armour.
You have claws for hands.
Your metabolism is lightning-fast.
You like to eat raw meat.
Your natural rate of healing is unusually fast.
You are covered in fur. (AC +1)
You have very tough skin. (AC +2)
Your system is resistant to poisons. (rPois)


Message History

The seven-headed hydra barely misses you.
The seven-headed hydra bites you! x2
Casting: Confusing Touch (safe; 4% risk of failure)
Confirm with . or Enter, or press ? or * to list all spells.
Your claws begin to glow red.
The seven-headed hydra completely misses you.
The seven-headed hydra bites you.
The seven-headed hydra bites you but does no damage.
The seven-headed hydra bites you! x2
* * * LOW HITPOINT WARNING * * *
The seven-headed hydra bites you.
* * * LOW HITPOINT WARNING * * *
The seven-headed hydra bites you!
* * * LOW HITPOINT WARNING * * *
The seven-headed hydra bites you but does no damage.
The seven-headed hydra bites you.
* * * LOW HITPOINT WARNING * * *
The seven-headed hydra bites you but does no damage.
The seven-headed hydra bites you!
You die...

#......... ###
#.........#
#..###.........##
#..#.........#.#
...............
............(
#...........
#....D......
##..@.....#
#...###....#####
....#........#
..........#..####
...##............
.. #............
#............
#............
##...P##.#.#.


You could see a seven-headed hydra.

Vanquished Creatures
  Pikel (D:5)
  An elephant (D:8)
  Grinder (D:3)
  Sigmund (D:6)
  A human (D:7)
  4 hogs (D:7)
  A yak (D:8)
  Edmund (D:4)
  Menkaure (D:6)
  Duvessa (D:6)
  3 slaves (D:5)
  An ice beast (D:5)
  12 orc warriors
  A phantom (D:5)
  3 ogres
  A black bear (D:4)
  10 centaurs
  3 crocodiles
  2 bullfrogs
  Blork the orc (D:6)
  Dowan (D:6)
  6 scorpions
  A water moccasin skeleton (D:7)
  An electric eel (D:7)
  4 crimson imps
  A hound (D:7)
  A jelly (D:8)
  5 orc priests
  12 orc wizards
  A centaur skeleton (D:7)
  2 bullfrog skeletons
  4 worker ants
  A killer bee zombie (D:7)
  A hound zombie (D:8)
  3 hound skeletons
  A howler monkey zombie (D:7)
  A worker ant zombie (D:6)
  4 gnolls (D:6)
  A howler monkey skeleton (D:5)
  13 adders
  6 worms
  A dart slug (D:1)
  5 leopard geckos
  50 orcs
  6 giant cockroaches
  15 goblins
  9 hobgoblins
  11 jackals
  8 quokkas
  2 ball pythons
  9 bats
  6 frilled lizards
  2 jackal zombies
  9 kobolds
  A quokka skeleton (D:7)
  5 rats
259 creatures vanquished.

Notes
Turn   | Place    | Note
-------+----------+-------------------------------------------
     0 | D:1      | Zebedee the Troll Monk began the quest for the Orb.
     0 | D:1      | Reached XP level 1. HP: 22/22 MP: 0/0
   113 | D:1      | Reached XP level 2. HP: 29/29 MP: 1/1
   285 | D:1      | Reached XP level 3. HP: 36/36 MP: 2/2
   754 | D:2      | Reached skill level 4 in Unarmed Combat
   998 | D:2      | Reached XP level 4. HP: 45/45 MP: 3/3
  1568 | D:3      | Reached skill level 5 in Unarmed Combat
  1568 | D:3      | Reached XP level 5. HP: 46/53 MP: 4/4
  1577 | D:3      | Noticed Grinder
  1601 | D:3      | Killed Grinder
  1601 | D:3      | Reached skill level 6 in Unarmed Combat
  1601 | D:3      | Reached XP level 6. HP: 18/61 MP: 5/5
  1958 | D:3      | Reached skill level 7 in Unarmed Combat
  2048 | D:3      | Reached XP level 7. HP: 68/68 MP: 6/6
  2659 | D:4      | Reached skill level 8 in Unarmed Combat
  2904 | D:4      | Noticed Edmund
  2911 | D:4      | Killed Edmund
  2911 | D:4      | Reached skill level 9 in Unarmed Combat
  2911 | D:4      | Reached XP level 8. HP: 68/78 MP: 7/7
  3020 | D:4      | Found a staircase to the Ecumenical Temple.
  3029 | Temple   | Entered the Ecumenical Temple
  3284 | D:5      | Entered Level 5 of the Dungeon
  3641 | D:5      | Found Tuwad's Armour Shop.
  3644 | D:5      | Bought a +0 troll leather armour for 180 gold pieces
  3809 | D:5      | Noticed Pikel
  3827 | D:5      | Killed Pikel
  3827 | D:5      | Reached skill level 1 in Armour
  3827 | D:5      | Reached skill level 10 in Unarmed Combat
  3949 | D:5      | Learned a level 1 spell: Confusing Touch
  4266 | D:6      | Reached XP level 9. HP: 84/84 MP: 8/8
  4332 | D:6      | Reached skill level 11 in Unarmed Combat
  4336 | D:6      | Noticed Blork the orc
  4347 | D:6      | Killed Blork the orc
  4347 | D:6      | Reached skill level 1 in Spellcasting
  4347 | D:6      | Reached skill level 1 in Hexes
  4386 | D:6      | Noticed Menkaure
  4401 | D:6      | Killed Menkaure
  4793 | D:6      | Noticed Duvessa
  4793 | D:6      | Noticed Dowan
  4805 | D:6      | Killed Duvessa
  4815 | D:6      | Killed Dowan
  4856 | D:6      | Noticed Sigmund
  4860 | D:6      | Killed Sigmund
  5347 | D:7      | Reached XP level 10. HP: 89/94 MP: 13/13
  5472 | D:7      | Found a deep blue altar of Sif Muna.
  5922 | D:8      | Found a flagged portal.
  6018 | Bailey   | Entered a bailey
  6019 | Bailey   | Gained mutation: Your system is resistant to poisons.
                  | (rPois) [potion of mutation]
  6510 | Bailey   | Learned a level 3 spell: Confuse
  6745 | Bailey   | Reached skill level 5 in Hexes
  6984 | Bailey   | Learned a level 2 spell: Blink
  7079 | D:8      | Found a burning altar of Makhleb.
  7080 | D:8      | Found a glowing silver altar of Zin.
  7080 | D:8      | Found a white marble altar of Elyvilon.
  7081 | D:8      | Found a bloodstained altar of Trog.
  7173 | D:8      | Found a staircase to the Lair.
  7173 | D:8      | Noticed an elephant
  7186 | D:8      | Reached skill level 1 in Translocations
  7218 | D:8      | Killed an elephant
  7290 | D:8      | Found a sparkling altar of Nemelex Xobeh.
  7501 | Lair:1   | Entered Level 1 of the Lair of Beasts
  7540 | Lair:1   | Noticed a four-headed hydra
  7554 | Lair:1   | HP: 4/94 [seven-headed hydra (4)]
  7554 | Lair:1   | Mangled by a seven-headed hydra

Skill      XL: |  1  2  3  4  5  6  7  8  9 10 |
---------------+-------------------------------+-----
Fighting       | 3 4 |  4.8
Unarmed Combat | 4 5 6 7 9 10 11 | 11.0
Armour         | 1 4 |  4.3
Spellcasting   | 2 3 |  3.1
Hexes          | 3 5 |  5.4
Translocations | 3 |  3.1
Throwing       | |  0.3
Dodging        | |  2.4
Stealth        | |  1.0

Action                   |  1- 3 |  4- 6 |  7- 9 | 10-12 || total
-------------------------+-------+-------+-------+-------++-------
Melee: Unarmed           |   113 |   137 |   266 |   220 ||   736
       Punch             |       |     1 |    12 |    10 ||    23
       Halberd           |       |       |       |     2 ||     2
Throw: Stone             |     2 |       |     1 |       ||     3
 Cast: Confuse           |       |       |       |    16 ||    16
       Confusing Touch   |       |       |       |     6 ||     6
  Use: Scroll            |       |       |       |    13 ||    13
       Potion            |       |       |       |     8 ||     8
 Stab: Sleeping          |     2 |     1 |     4 |       ||     7
       Confused          |       |       |       |     3 ||     3
  Eat: Chunk             |    15 |     9 |    31 |    22 ||    77
Armor: Robe              |    44 |    39 |    19 |       ||   102
       Troll leather arm |       |       |    45 |    69 ||   114
Dodge: Dodged            |    56 |    53 |    98 |   108 ||   315
